 Dungeon Crawl Stone Soup version 0.22-a0-525-gf69a080 (webtiles) character file.

3231 Dawnplanks the Blocker (level 9, -2/74 HPs)
             Began as a Gnoll Fighter on June 20, 2018.
             Was a Believer of Ru.
             Slain by an orc warrior
             ... wielding a +0 glaive
              (11 damage)
             ... on level 8 of the Dungeon.
             The game lasted 00:24:20 (7604 turns).

Dawnplanks the Blocker (Gnoll Fighter)              Turns: 7604, Time: 00:24:20

Health: -2/74      AC: 21    Str: 20    XL:     9   Next: 98%
Magic:  16/16      EV: 11    Int: 15    God:    Ru [**....]
Gold:   472        SH: 11    Dex: 21    Spells: 17/17 levels left

rFire    x . .     SeeInvis .   E - +1 flail (crush)
rCold    + + +     Gourm    .   c - +0 shield
rNeg     . . .     Faith    .   K - +7 ice dragon scales of Rataev {rElec rF- rC++ Int+5 Dex+4}
rPois    +         Spirit   .   (no helmet)
rElec    +         Reflect  .   (no cloak)
rCorr    .         Harm     .   (no gloves)
MR       .....                  C - +1 pair of boots
Stlth    +.........             (no amulet)
HPRegen  0.22/turn              h - ring of poison resistance
MPRegen  0.15/turn              M - ring of protection from cold

@: drained
A: distributed training, fangs 1, inability to use devices, strong nose
a: Renounce Religion


You were on level 8 of the Dungeon.
You worshipped Ru.
Ru was pleased with you.
You were not hungry.

You visited 1 branch of the dungeon, and saw 8 of its levels.

You collected 472 gold pieces.

Inventory:

Hand Weapons
 a - a +0 war axe
 E - a +1 flail of crushing (weapon)
 F - a +3 short sword of holy wrath
 J - a +3 rapier of electrocution
Missiles
 i - 212 stones (quivered)
 L - 3 tomahawks
Armour
 b - a +0 scale mail
 c - a +0 shield (worn)
 d - a +0 chain mail
 B - the +0 ring mail "Josexuri" {rF+}
   (You found it on level 5 of the Dungeon)

   It protects you from fire.
 C - a +1 pair of boots (worn)
 K - the +7 ice dragon scales of Rataev (worn) {rElec rF- rC++ Int+5 Dex+4}
   (You found it on level 7 of the Dungeon)

   It affects your intelligence (+5).
   It affects your dexterity (+4).
   It makes you vulnerable to fire.
   It greatly protects you from cold.
   It insulates you from electricity.
Magical Staves
 x - an uncursed staff of poison
Jewellery
 h - a ring of poison resistance (left hand)
 v - an uncursed ring of stealth {unknown}
 M - a ring of protection from cold (right hand)
 N - an uncursed amulet of harm
Wands
 y - a wand of polymorph (24)
 I - a wand of acid (10)
 O - a wand of flame (23)
Scrolls
 e - 6 scrolls of teleportation {unknown}
 g - 2 scrolls of fear {unknown}
 j - 6 scrolls of identify
 k - 4 scrolls of enchant armour {unknown}
 n - a scroll of magic mapping {unknown}
 o - 3 scrolls of remove curse
 r - a scroll of fog
 t - a scroll of enchant weapon {unknown}
 u - 2 scrolls of amnesia {unknown}
 A - a scroll of silence {unknown}
 D - a scroll of immolation {unknown}
 G - a scroll of blinking {unknown}
Potions
 l - a potion of lignification {unknown}
 m - 4 potions of curing
 p - 2 potions of degeneration {unknown}
 q - a potion of flight {unknown}
 s - a potion of heal wounds
 w - a potion of magic {unknown}
 z - a potion of agility {unknown}
 H - a potion of cancellation {unknown}
Comestibles
 f - 9 rations


   Skills:
 + Level 8.1(7.3) Fighting
 + Level 4.6(3.9) Short Blades
 + Level 4.6(3.9) Long Blades
 + Level 6.6(5.8) Axes
 + Level 4.6(3.9) Maces & Flails
 + Level 4.6(3.9) Polearms
 + Level 4.6(3.9) Staves
 + Level 4.6(3.9) Slings
 + Level 4.6(3.9) Bows
 + Level 4.6(3.9) Crossbows
 + Level 4.6(3.9) Throwing
 + Level 8.1(7.3) Armour
 + Level 4.6(3.9) Dodging
 + Level 4.6(3.9) Stealth
 + Level 8.1(7.3) Shields
 + Level 4.6(3.9) Unarmed Combat
 + Level 4.6(3.9) Spellcasting
 + Level 3.8(3.1) Conjurations
 + Level 3.8(3.1) Hexes
 + Level 3.8(3.1) Charms
 + Level 3.8(3.1) Summonings
 + Level 3.8(3.1) Necromancy
 + Level 3.8(3.1) Translocations
 + Level 3.8(3.1) Transmutations
 + Level 3.8(3.1) Fire Magic
 + Level 3.8(3.1) Ice Magic
 + Level 3.8(3.1) Air Magic
 + Level 3.8(3.1) Earth Magic
 + Level 3.8(3.1) Poison Magic
 + Level 5.1(4.3) Invocations
   Level 0.0 Evocations


You had 17 spell levels left.
You didn't know any spells.
Your spell library contained the following spells:

 Spells                   Type           Power        Failure   Level  Hunger
 Lightning Bolt           Conj/Air       ##........   100%        5    ######.
 Confuse                  Hex            ##......     77%         3    ###....
 Tukima's Dance           Hex            ##......     77%         3    ###....
 Shock                    Conj/Air       ##..         38%         1    None
 Swiftness                Chrm/Air       ##......     54%         2    ##.....
 Airstrike                Air            ##........   99%         4    ####...
 Ensorcelled Hibernation  Hex/Ice        ##....       54%         2    ##.....
 Silence                  Hex/Air        ##........   100%        5    ######.
 Static Discharge         Conj/Air       ##......     77%         3    ###....
 Corona                   Hex            ##.....      38%         1    None
 Inner Flame              Hex/Fire       ##......     77%         3    ###....
 Dazzling Spray           Conj/Hex       ##....       77%         3    ###....


Dungeon Overview and Level Annotations

Branches:
Dungeon (8/15)             Temple (0/1) D:6
   Lair: D:8-11

Altars:
Ashenzari
Kikubaaqudgha
Ru
Trog
Vehumet

Shops:
D:8 [

Annotations:
D:7 3 runed doors


Innate Abilities, Weirdness & Mutations

Your experience applies equally to all skills.
You have very sharp teeth.
You cannot study or use magical devices.
Your uncanny sense of smell can sniff out nearby items.


Message History

* * * LOW HITPOINT WARNING * * *
You block the bullfrog's attack. You block the quokka's attack.
You closely miss the orc warrior.
The orc warrior is moderately wounded.
You block the bullfrog's attack. The quokka closely misses you.
You block the orc warrior's attack.
The bullfrog hits you but does no damage.
You completely miss the orc warrior.
The orc warrior is moderately wounded.
You block the quokka's attack. The bullfrog barely misses you.
The orc warrior closely misses you. The quokka bites you.
* * * LOW HITPOINT WARNING * * *
A killer bee comes into view.
The bullfrog barely misses you.
You closely miss the orc warrior.
You bite the orc warrior, but do no damage.
The orc warrior is moderately wounded.
You block the bullfrog's attack. The quokka closely misses you.
The orc warrior hits you with a glaive!
You die...

#..#....#.........#
#.....###.......# #
#...####.∩.∩....#
##.
#....#........... ..
#......##∩.∩..... .#
#...##.##.#.####. #.
#...##.##.#.###..
#y##o...............
#F@#........##.##..
#r.#...#.#..##.###.
##.#.....#>.##.###.
.##............... .
#...##..##.#### .#
..## #.#### # ..#
#.##.. ##.#...
#......


You could see an orc warrior, a bullfrog, a killer bee and a quokka.

Vanquished Creatures
  A gargoyle (D:7)
  Sigmund (D:4)
  A shadow (D:7)
  Eustachio (D:6)
  Menkaure (D:4)
  Edmund (D:6)
  Duvessa (D:6)
  A water moccasin (D:7)
  An ice beast (D:7)
  2 centaurs
  The ghost of phirt the Grasshopper, an amateur HaWr (D:3)
  3 ogres
  A bullfrog (D:7)
  Dowan (D:6)
  3 scorpions
  8 killer bees
  2 crimson imps
  2 bullfrog zombies (D:5)
  A quasit (D:7)
  4 hounds
  2 jellies
  2 bullfrog skeletons
  A centaur skeleton (D:4)
  2 iguanas
  Natasha (thrice) (D:3)
  2 orc wizards (D:7)
  3 worker ants
  A hound skeleton (D:6)
  8 adders
  2 oozes
  An adder skeleton (D:4)
  3 worms
  9 leopard geckos
  9 orcs
  5 giant cockroaches
  8 goblins
  3 hobgoblins
  8 jackals
  3 kobolds
  5 quokkas
  9 bats
  4 frilled lizards
  A leopard gecko skeleton (D:4)
  2 leopard gecko zombies
  3 rats
136 creatures vanquished.

Vanquished Creatures (others)
  A bullfrog (D:6)
1 creature vanquished.

Grand Total: 137 creatures vanquished

Notes
Turn   | Place    | Note
-------+----------+-------------------------------------------
     0 | D:1      | Dawnplanks the Gnoll Fighter began the quest for the Orb.
     0 | D:1      | Reached XP level 1. HP: 23/23 MP: 1/1
   194 | D:1      | Reached XP level 2. HP: 29/29 MP: 2/2
   747 | D:2      | Reached XP level 3. HP: 25/35 MP: 3/3
  1002 | D:2      | Reached skill level 1 in Invocations
  1235 | D:2      | Found an ancient bone altar of Kikubaaqudgha.
  1474 | D:2      | Reached skill level 1 in Short Blades
  1474 | D:2      | Reached skill level 1 in Long Blades
  1474 | D:2      | Reached skill level 1 in Maces & Flails
  1474 | D:2      | Reached skill level 1 in Polearms
  1474 | D:2      | Reached skill level 1 in Staves
  1474 | D:2      | Reached skill level 1 in Slings
  1474 | D:2      | Reached skill level 1 in Bows
  1474 | D:2      | Reached skill level 1 in Crossbows
  1474 | D:2      | Reached skill level 1 in Throwing
  1474 | D:2      | Reached skill level 1 in Dodging
  1474 | D:2      | Reached skill level 1 in Stealth
  1474 | D:2      | Reached skill level 1 in Unarmed Combat
  1474 | D:2      | Reached skill level 1 in Spellcasting
  1474 | D:2      | Reached skill level 1 in Evocations
  1689 | D:3      | Reached XP level 4. HP: 41/41 MP: 5/5
  1712 | D:3      | Found a faded altar of an unknown god.
  1897 | D:3      | Reached skill level 1 in Conjurations
  1897 | D:3      | Reached skill level 1 in Hexes
  1897 | D:3      | Reached skill level 1 in Charms
  1897 | D:3      | Reached skill level 1 in Summonings
  1897 | D:3      | Reached skill level 1 in Necromancy
  1897 | D:3      | Reached skill level 1 in Translocations
  1897 | D:3      | Reached skill level 1 in Transmutations
  1897 | D:3      | Reached skill level 1 in Fire Magic
  1897 | D:3      | Reached skill level 1 in Ice Magic
  1897 | D:3      | Reached skill level 1 in Air Magic
  1897 | D:3      | Reached skill level 1 in Earth Magic
  1897 | D:3      | Reached skill level 1 in Poison Magic
  2111 | D:3      | Found a runed door.
  2113 | D:3      | Noticed phirt's ghost (amateur HaWr)
  2130 | D:3      | Killed phirt's ghost
  2130 | D:3      | Reached XP level 5. HP: 41/47 MP: 5/7
  2178 | D:3      | Found a shattered altar of Ashenzari.
  2292 | D:3      | Noticed Natasha
  2309 | D:3      | Killed Natasha
  2333 | D:3      | Noticed Natasha
  2343 | D:3      | Killed Natasha
  2343 | D:3      | Reached XP level 6. HP: 27/53 MP: 8/8
  2355 | D:3      | Noticed Natasha
  2364 | D:3      | Killed Natasha
  2954 | D:4      | Reached skill level 5 in Axes
  3213 | D:4      | Reached XP level 7. HP: 53/59 MP: 10/10
  3286 | D:4      | Noticed Menkaure
  3292 | D:4      | Killed Menkaure
  4050 | D:4      | Noticed Sigmund
  4059 | D:4      | Killed Sigmund
  4305 | D:5      | Entered Level 5 of the Dungeon
  4409 | D:5      | Reached XP level 8. HP: 58/67 MP: 12/12
  4724 | D:5      | Got an ichor-stained ring mail
  4757 | D:5      | Identified the cursed +0 ring mail "Josexuri" {rF+} (You found it on level 5 of the Dungeon)
  4893 | D:5      | Identified the Grimoire of Floating Hexes
  4921 | D:5      | Found a bloodstained altar of Trog.
  5387 | D:6      | Noticed Duvessa
  5387 | D:6      | Noticed Dowan
  5410 | D:6      | Killed Duvessa
  5419 | D:6      | Killed Dowan
  5576 | D:6      | Noticed Eustachio
  5598 | D:6      | Killed Eustachio
  5712 | D:6      | Found a radiant altar of Vehumet.
  5952 | D:6      | Found a sacrificial altar of Ru.
  6025 | D:6      | Became a worshipper of Ru the Awakened
  6057 | D:6      | Noticed Edmund
  6067 | D:6      | Killed Edmund
  6067 | D:6      | Reached XP level 9. HP: 72/72 MP: 14/14
  6248 | D:6      | Found a staircase to the Ecumenical Temple.
  6542 | D:7      | Got jewelled ice dragon scales
  6553 | D:7      | Identified the +7 ice dragon scales of Rataev {rElec rF- rC++ Int+5 Dex+4} (You found it on level 7 of the Dungeon)
  6553 | D:7      | Noticed a gargoyle
  6584 | D:7      | Killed a gargoyle
  7418 | D:7      | Reached skill level 5 in Invocations
  7455 | D:7      | Found a runed door.
  7458 | D:7      | Found a runed door.
  7458 | D:7      | Found a runed door.
  7516 | D:8      | Found Xuraokk's Armour Emporium.
  7532 | D:8      | Gained mutation: You cannot study or use magical devices. [Ru sacrifice]
  7532 | D:8      | Reached * piety under Ru
  7532 | D:8      | Reached ** piety under Ru
  7604 | D:8      | Slain by an orc warrior

Vault maps used:
D:1:      lemuel_arrival_funnel
D:2:      nicolae_overflow_hidden_temple, grunt_ministairs_11
D:3:      nicolae_overflow_crystal_walls, tgw_sif, first_ration,
          chequers_ecumenical_altar_lobes, gammafunk_ghost_grave, uniq_natasha
D:4:      kennysheep_cluttered_room, kennysheep_boxes, uniq_menkaure,
          uniq_sigmund
D:5:      kennysheep_mini_moat, minmay_liquid_box
D:6:      nicolae_ru_awakened_eye, lemuel_round_altar, lemuel_temple_firewalk_b,
          uniq_edmund, uniq_duvessa, uniq_eustachio
D:7:      minmay_the_grid_four_pointed_star
D:8:      minmay_ornate_pinched, kennysheep_little_box, serial_shops,
          nicolae_shop_competitors_out_of_business, nicolae_shop_stone,
          grunt_livestock

Skill      XL: |  1  2  3  4  5  6  7  8  9 |
---------------+----------------------------+-----
Invocations    | 1 2 3 4 5 |  5.1
Short Blades   | 1 2 3 4 |  4.6
Long Blades    | 1 2 3 4 |  4.6
Maces & Flails | 1 2 3 4 |  4.6
Polearms       | 1 2 3 4 |  4.6
Staves         | 1 2 3 4 |  4.6
Slings         | 1 2 3 4 |  4.6
Bows           | 1 2 3 4 |  4.6
Crossbows      | 1 2 3 4 |  4.6
Throwing       | 1 2 3 4 |  4.6
Dodging        | 1 2 3 4 |  4.6
Stealth        | 1 2 3 4 |  4.6
Unarmed Combat | 1 2 3 4 |  4.6
Spellcasting   | 1 2 3 4 |  4.6
Evocations     | 1 2 3 0 |  0.0
Conjurations   | 1 2 3 |  3.8
Hexes          | 1 2 3 |  3.8
Charms         | 1 2 3 |  3.8
Summonings     | 1 2 3 |  3.8
Necromancy     | 1 2 3 |  3.8
Translocations | 1 2 3 |  3.8
Transmutations | 1 2 3 |  3.8
Fire Magic     | 1 2 3 |  3.8
Ice Magic      | 1 2 3 |  3.8
Air Magic      | 1 2 3 |  3.8
Earth Magic    | 1 2 3 |  3.8
Poison Magic   | 1 2 3 |  3.8
Axes           | 5 6 |  6.6
Fighting       | 7 8 |  8.1
Armour         | 7 8 |  8.1
Shields        | 7 8 |  8.1

Action                   |  1- 3 |  4- 6 |  7- 9 || total
-------------------------+-------+-------+-------++-------
Melee: War axe           |    76 |   148 |   187 ||   411
       Bite              |     7 |    14 |    51 ||    72
       Flail             |       |       |   197 ||   197
Throw: Stone             |       |       |    25 ||    25
Invok: Sacrifice Artific |       |       |     1 ||     1
  Use: Potion            |       |     1 |     2 ||     3
       Scroll            |       |       |     3 ||     3
 Stab: Sleeping          |       |       |     3 ||     3
  Eat: Chunk             |     2 |     5 |    15 ||    22
Armor: Scale mail        |    25 |    51 |    26 ||   102
       Ring mail         |       |       |    63 ||    63
       Ice dragon scales |       |       |    97 ||    97
Dodge: Dodged            |    10 |    53 |   163 ||   226
Block: Shield            |    47 |    87 |   280 ||   414

Table legend:
 A = Spawn XP
 B = Non-spawn XP
 C = Spawn XP percentage of total XP
 D = Spawn monster count
 E = Non-spawn monster count
 F = Spawn count percentage of total count
 G = Total turns spent on level
                    A         B        C        D         E        F      G
               +---------+---------+-------+---------+---------+-------+---------
         Total |       0 |    4617 |   0.0 |       0 |     136 |   0.0 |  7604
               +---------+---------+-------+---------+---------+-------+---------
           D:1 |       0 |      20 |   0.0 |       0 |      13 |   0.0 |   723
           D:2 |       0 |      76 |   0.0 |       0 |      19 |   0.0 |   967
           D:3 |       0 |     283 |   0.0 |       0 |      25 |   0.0 |   882
           D:4 |       0 |     796 |   0.0 |       0 |      17 |   0.0 |  1733
           D:5 |       0 |     464 |   0.0 |       0 |      17 |   0.0 |   998
           D:6 |       0 |     883 |   0.0 |       0 |      11 |   0.0 |  1069
           D:7 |       0 |    1756 |   0.0 |       0 |      28 |   0.0 |  1109
           D:8 |       0 |     339 |   0.0 |       0 |       6 |   0.0 |   123
               +---------+---------+-------+---------+---------+-------+---------
